 Dungeon Crawl Stone Soup version 0.31-a0-198-g2ad674f65e (webtiles) character file.

Game seed: 1931765706556332817

276 qw the Skirmisher (level 6, 0/35 HPs)
             Began as a Deep Elf Hunter on June 25, 2023.
             Killed from afar by an orc wizard (10 damage)
             ... with a puff of flame
             ... on level 4 of the Dungeon.
             The game lasted 00:01:00 (2372 turns).

qw the Skirmisher (Deep Elf Hunter)                 Turns: 2372, Time: 00:01:00

Health: 0/35       AC:  6    Str: 10    XL:     6   Next: 4%
Magic:  8/8        EV:  9    Int: 14    God:
Gold:   176        SH:  0    Dex: 18    Spells: 5/5 levels left

rFire   . . .        Y - +0 shortbow
rCold   . . .        (shield currently unavailable)
rNeg    . . .        g - +0 scale mail
rPois   .            (no helmet)
rElec   .            (no cloak)
rCorr   .            (no gloves)
SInv    .            (no boots)
Will    .....        e - amulet of regeneration
Stlth   +            (no ring)
HPRegen 1.05/turn    (no ring)
MPRegen 0.11/turn

%: no passive effects
@: no status effects
A: no striking features
a: no special abilities


You were on level 4 of the Dungeon.
You visited 1 branch of the dungeon, and saw 4 of its levels.

You collected 176 gold pieces.


   Skills:
 - Level 2.1 Fighting
 - Level 9.3 Ranged Weapons
 + Level 0.1 Armour
 - Level 2.4 Dodging
 - Level 1.2 Stealth


You had 5 spell levels left.
You didn't know any spells.
Your spell library was empty.

Inventory:

Hand Weapons
 Y - a +0 shortbow (weapon)
Armour
 g - a +0 scale mail (worn)
Jewellery
 d - a ring of fire
 e - an amulet of regeneration (around neck)
Scrolls
 h - a scroll of identify
Potions
 a - a potion of curing
 b - a potion of might
 i - a potion of enlightenment {unknown}
 j - a potion of cancellation {unknown}

Dungeon Overview and Level Annotations

Branches:
Dungeon (4/15)
 Temple: D:4-7

Altars:
Hepliaklqana

Shops:
D:1 =

Annotations:
D:3 2 transporters, qw's ghost, amateur DEHu


Message History

You shoot an arrow. The arrow hits the orc!
You kill the orc!
Something hits you but does no damage. x2
The orc priest invokes the aid of Beogh against you.
Beogh smites you!
You shoot an arrow. The arrow hits the orc priest!
The orc priest is heavily wounded.
You shoot an arrow. The arrow hits the orc priest.
The orc priest is severely wounded.
Something completely misses you. The orc priest barely misses you.
You shoot an arrow. The arrow hits the orc priest!
You kill the orc priest!
Something hits you but does no damage.
Your Fighting skill increases to level 2!
You have reached level 6!
2366 ||| FLEEEEING.
You shoot an arrow. Something hits you. The orc hits you but does no damage.
Something hits you.
You shoot an arrow. The arrow hits the orc!
You kill the orc!
Something hits you but does no damage.
2368 ||| STILL FLEEEEING.
You shoot an arrow.
You hear some strange, mumbled words.
Something tries to affect you, but you resist.
An endoplasm comes into view.
2369 ||| FLEEEEING.
You shoot an arrow. Something hits you but does no damage.
You shoot an arrow. The arrow hits the endoplasm.
The endoplasm is lightly wounded.
You hear some strange, mumbled words.
A puff of flame appears from out of thin air!
The puff of flame hits you! The endoplasm barely misses you.
Something hits you but does no damage. The endoplasm barely misses you.
You shoot an arrow. The arrow hits the endoplasm!
You kill the endoplasm!
Something hits you but does no damage.
2372 ||| STILL FLEEEEING.
You shoot an arrow.
You hear some strange, mumbled words.
A puff of flame appears from out of thin air!
The puff of flame hits you!
You die...

#.....# ###..### #.#.##
##....### #.......#
#.......###
#####........###
##.###...#......##
#@{.###..#####...#
#)#..#...# ##.....
..oo.o).#..#...###......
.o.#.)#.#........)......
#..####....#.#....... ##
..#...%#.##..?...
..........###.....
...#.......# #..... .#
##.###...#......


There were no monsters in sight!

Vanquished Creatures
  A scorpion (D:4)
  2 orc priests
  A gnoll (D:1)
  5 adders
  2 worms
  5 dart slugs
  11 orcs
  4 bats
  7 endoplasms
  3 giant cockroaches
  3 hobgoblins
  7 jackals (D:2)
  6 kobolds
  A quokka (D:2)
  8 ball pythons
  7 frilled lizards
  5 goblins
  6 rats
84 creatures vanquished.

Notes
Turn   | Place    | Note
-------+----------+-------------------------------------------
     0 | D:1      | qw the Deep Elf Hunter began the quest for the Orb.
     0 | D:1      | Reached XP level 1. HP: 12/12 MP: 3/3
     0 | D:1      | 0 ||| qw: Version: 0.3-a-22-g0ed2b0b
     0 | D:1      | 0 ||| qw: Game counter: 4868
     0 | D:1      | 0 ||| qw: Melee chars always use a shield: true
     0 | D:1      | 0 ||| qw: God list: Okawaru
     0 | D:1      | 0 ||| qw: Allow faded altars: false
     0 | D:1      | 0 ||| qw: Do Orc after clearing Dungeon:15 true
     0 | D:1      | 0 ||| qw: Do second Lair branch before Depths: true
     0 | D:1      | 0 ||| qw: Lair rune preference: random
     0 | D:1      | 0 ||| qw: Goals: Normal
     0 | D:1      | 0 ||| PLANNING D:1-11
   161 | D:1      | Found Ecyshrekk's Jewellery Shoppe.
   170 | D:1      | 170 ||| SHOPLISTING +5 ring of evasion (360 gold, have 20).
   170 | D:1      | 170 ||| SHOPLISTING +6 ring of dexterity (360 gold, have
                  | 20).
   170 | D:1      | 170 ||| SHOPLISTING ring "Lugumot" {Will+ Dex+2} (362 gold,
                  | have 20).
   170 | D:1      | 170 ||| SHOPLISTING ring of poison resistance (200 gold,
                  | have 20).
   170 | D:1      | 170 ||| SHOPLISTING ring of positive energy (200 gold, have
                  | 20).
   170 | D:1      | 170 ||| SHOPLISTING ring of protection from cold (250 gold,
                  | have 20).
   231 | D:1      | Reached skill level 6 in Ranged Weapons
   231 | D:1      | Reached XP level 2. HP: 16/16 MP: 4/4
   402 | D:1      | HP: 4/16 [gnoll/+0 flail (9)]
   404 | D:1      | Reached XP level 3. HP: 6/20 MP: 5/5
   909 | D:1      | 909 ||| UPGRADING to amulet of regeneration.
   914 | D:1      | 914 ||| READING scroll labelled RUN QUUSEAJE.
   919 | D:1      | 919 ||| READING scroll labelled ESOBLA NO LAUT.
   920 | D:1      | 920 ||| DROPPING scroll of butterflies.
  1083 | D:2      | Reached skill level 7 in Ranged Weapons
  1257 | D:2      | Reached XP level 4. HP: 25/25 MP: 6/6
  1569 | D:2      | 1569 ||| DROPPING +6 ring of intelligence.
  1570 | D:2      | 1570 ||| READING scroll labelled GUSHOA EGIEC.
  1571 | D:2      | 1571 ||| READING scroll labelled EMNIAK YZXA.
  1572 | D:2      | 1572 ||| READING scroll labelled IGRINI OBYWIX.
  1573 | D:2      | 1573 ||| READING 2 scrolls of identify.
  1573 | D:2      | 1573 ||| IDENTIFYING coppery potion
  1638 | D:3      | Found a hazy altar of Hepliaklqana.
  1685 | D:3      | Reached skill level 8 in Ranged Weapons
  1911 | D:3      | Reached XP level 5. HP: 29/29 MP: 7/7
  1949 | D:3      | Found a transporter.
  1949 | D:3      | Found a transporter.
  1963 | D:3      | 1963 ||| UPGRADING to +0 scale mail.
  1969 | D:3      | 1969 ||| UPGRADING to +0 leather armour.
  1974 | D:3      | 1974 ||| UPGRADING to +0 scale mail.
  1984 | D:3      | 1984 ||| DROPPING +0 leather armour.
  2009 | D:3      | Identified the +7 spear "Avyf" {elec, rCorr}
  2242 | D:3      | 2242 ||| READING scroll labelled YMETIU EXICYRR.
  2243 | D:3      | 2243 ||| READING 3 scrolls of identify.
  2243 | D:3      | 2243 ||| IDENTIFYING green potion
  2243 | D:3      | Noticed qw's ghost (amateur DEHu)
  2244 | D:3      | 2244 ||| READING 2 scrolls of identify.
  2244 | D:3      | 2244 ||| IDENTIFYING amethyst potion
  2245 | D:3      | 2245 ||| DROPPING potion of attraction.
  2296 | D:4      | Reached skill level 9 in Ranged Weapons
  2348 | D:4      | 2348 ||| Stepping ~*~*~tactically~*~*~ (outnumbered).
  2350 | D:4      | 2350 ||| Stepping ~*~*~tactically~*~*~ (outnumbered).
  2362 | D:4      | HP: 5/30 [orc priest/divine providence (9)]
  2366 | D:4      | Reached XP level 6. HP: 11/35 MP: 8/8
  2366 | D:4      | 2366 ||| FLEEEEING.
  2369 | D:4      | 2369 ||| FLEEEEING.
  2370 | D:4      | HP: 8/35 [something/puff of flame (8)]
  2372 | D:4      | Killed from afar by an orc wizard

Levels and vault maps discovered:
D:1:      ldierk_walled_garden_2, layout_basic, serial_shops,
          nicolae_square_shop
D:2:      layout_basic
D:3:      layout_loops_ring, mainiacjoe_overflow_six_doors_small,
          gammafunk_ghost_gnarly_gnolls
D:4:      minmay_opposing_rooms, layout_cave_pools, uniq_sigmund

Skill      XL: |  1  2  3  4  5 |
---------------+----------------+-----
Ranged Weapons | 6 7 8 9 |  9.3
Fighting       | 2 |  2.1
Armour         | |  0.1
Dodging        | |  2.4
Stealth        | |  1.2

Action                     |  1- 3 |  4- 6 || total
---------------------------+-------+-------++-------
   Fire: Shortbow          |   119 |   119 ||   238
    Use: Scroll            |     2 |     7 ||     9
 Armour: Leather armour    |     8 |       ||     8
         Scale mail        |       |    22 ||    22
  Dodge: Dodged            |    26 |    14 ||    40

Table legend:
 A = Non-vault XP
 B = Vault XP
 C = Vault XP percentage of total XP
 D = Non-vault monster count
 E = Vault monster count
 F = Vault count percentage of total count
                 A         B        C        D         E       F
            +---------+---------+-------+---------+---------+-------
      Total |     395 |       0 |   0.0 |      84 |       0 |   0.0
            +---------+---------+-------+---------+---------+-------
        D:1 |      47 |       0 |   0.0 |      22 |       0 |   0.0
        D:2 |      59 |       0 |   0.0 |      26 |       0 |   0.0
        D:3 |     147 |       0 |   0.0 |      28 |       0 |   0.0
        D:4 |     142 |       0 |   0.0 |       8 |       0 |   0.0
            +---------+---------+-------+---------+---------+-------
